 Dungeon Crawl Stone Soup version 0.31.0-32-g396128a36d (webtiles) character file.

Game seed: 10091728915397437496

41 mainiacjoe the Vexing (level 3, -2/23 HPs)
             Began as an Octopode Hexslinger on Apr 3, 2024.
             Slain by a goblin
             ... wielding a +0 club
             ... led by Robin
              (6 damage)
             ... on level 2 of the Dungeon.
             The game lasted 00:02:22 (1122 turns).

mainiacjoe the Vexing (Octopode Hexslinger)         Turns: 1122, Time: 00:02:22

Health: -2/23      AC:  1    Str:  7    XL:     3   Next: 52%
Magic:  5/6        EV: 13    Int: 17    God:
Gold:   52         SH:  0    Dex: 14    Spells: 1/6 levels left

rFire   . . .        b - +0 quarterstaff
rCold   . . .        (shield currently unavailable)
rNeg    . . .        (helmet restricted)
rPois   .            (no amulet)
rElec   .            (no ring)
rCorr   .            (no ring)
SInv    .            (no ring)
Will    .....        (no ring)
Stlth   ++           (no ring)
HPRegen 0.23/turn    (no ring)
MPRegen 0.10/turn    (no ring)
                     (no ring)

%: no passive effects
@: weak-willed
A: almost no armour, amphibious, 8 rings, camouflage 1, gelatinous body 1,
(nimble swimmer 1), tentacles
a: no special abilities


You were on level 2 of the Dungeon.
You visited 1 branch of the dungeon, and saw 2 of its levels.

You collected 52 gold pieces.

Inventory:

Hand Weapons
 a - a +1 sling
 b - a +0 quarterstaff (weapon)
 c - a +0 dagger
 g - a +0 mace
 w - a +0 hand axe
Missiles
 d - 5 stones
 m - 5 datura-tipped darts {=F}
Jewellery
 i - an amulet of regeneration
Scrolls
 e - a scroll of poison
 h - a scroll of fog {unknown}
Potions
 f - a potion of brilliance
 j - a potion of mutation {unknown}
 k - a potion of lignification {unknown}
 l - a potion of curing {unknown}


   Skills:
 - Level 1.0 Fighting
 + Level 2.4 Ranged Weapons
 - Level 2.0 Dodging
 * Level 2.2 Spellcasting
 + Level 3.4 Hexes
 - Level 1.0 Fire Magic


You had one spell level left.
You knew the following spells:

 Your Spells              Type           Power      Damage    Failure   Level
a - Jinxbite              Hex            26%        N/A       7%          2
b - Sigil of Binding      Hex            13%        N/A       14%         3

Your spell library contained the following spells:

 Spells                   Type           Power      Damage    Failure   Level
 Necrotise                Necr           4%         1d4       19%         1
 Inner Flame              Hex/Fire       9%         N/A       22%         3
 Cause Fear               Hex            6%         N/A       43%         4
 Vampiric Draining        Necr           1%         2d6       50%         3
 Dimensional Bullseye     Hex/Tloc       3%         N/A       67%         4
 Martyr's Knell           Necr/Summ      1%         N/A       88%         4
 Curse of Agony           Necr           1%         N/A       99%         5


Dungeon Overview and Level Annotations

Branches:
Dungeon (2/15)

Altars:
Okawaru

Annotations:
D:2 Robin


Innate Abilities, Weirdness & Mutations

You cannot wear most types of armour.
You are amphibious.
You can wear up to eight rings at the same time.
Your skin changes colour to match your surroundings (Stealth+).
Your rubbery body absorbs attacks. (AC +1, EV +1)
((You are camouflaged when in or above water. (Stealth+)))
You have tentacles for arms and can constrict up to eight enemies at once.


Message History

A goblin comes into view. It is wielding a +0 club.
Cast which spell? (? or * to list)
You beckon some vexing sprites to accompany your attacks.
You feel your willpower being sapped.
Robin shouts!
You constrict the hobgoblin. The hobgoblin completely misses you.
You hit the hobgoblin.
You kill the hobgoblin!
Robin throws the goblin at you! The goblin hits you with a dagger.
You barely miss the goblin. You grab the goblin.
Your tentacle-slap misses the goblin.
You squeeze the goblin.
You kill the goblin!
A hobgoblin comes into view.
You sock the goblin!
You kill the goblin!
Robin throws the goblin at you! The goblin hits you with a +0 dagger.
Robin roars a battlecry!
The goblins go into a battle-frenzy!
The goblin closely misses you.
You hit the goblin. Your grab misses the goblin.
The goblin is heavily wounded.
A giggling sprite leaps out and makes the goblin trip over its own feet.
You kill the goblin!
Robin's bangles clink loudly.
You hit the hobgoblin but do no damage. Your grab misses the hobgoblin.
Your squeeze misses the hobgoblin.
A giggling sprite leaps out and doodles on the hobgoblin's face.
You kill the hobgoblin!
The jinxing sprites lose interest in you.
You hit Robin. You grab Robin.
Robin is lightly wounded.
You constrict Robin, but do no damage. Robin throws the goblin at you!
The goblin hits you with a +0 club. Robin closely misses you.
The goblin hits you with a +0 club.
* * * LOW HITPOINT WARNING * * *
You hit Robin.
Robin is heavily wounded.
You constrict Robin, but do no damage. Robin closely misses you.
The goblin hits you with a +0 club.
You die...

............#
#........#..
#.#####..####
#...#...###. #.
####..# #...#####
#. #. #.....#
###...### ## ###.
#.##.##
#.......######
...##.##.#
#.##.##.....##
#.......#
#####.##.##.# #.##
...##.<....##
#.g.>.......# #...
#.........#
#@###.##....###.#.
####......# #g#
#.####......#.
#.#...##


.gg #.......#####. ...##### .###.######.## #. #### #. .# #...# #. # ####.#### #.
#.......# .. #.......# .. #.......# You could see Robin, 2 hobgoblins and a
goblin (strong).

Vanquished Creatures
  An adder (D:2)
  2 dart slugs (D:1)
  4 ball pythons (D:1)
  An endoplasm (D:1)
  A giant cockroach (D:1)
  4 goblins
  3 hobgoblins
  3 quokkas (D:1)
  4 bats
  A rat (D:2)
24 creatures vanquished.

Notes
Turn   | Place    | Note
-------+----------+-------------------------------------------
     0 | D:1      | mainiacjoe the Octopode Hexslinger began the quest for the
                  | Orb.
     0 | D:1      | Reached XP level 1. HP: 13/13 MP: 2/2
   279 | D:1      | Reached XP level 2. HP: 18/18 MP: 4/4
   282 | D:1      | Learned a level 2 spell: Jinxbite
   831 | D:1      | Reached XP level 3. HP: 22/23 MP: 4/6
   835 | D:1      | Learned a level 3 spell: Sigil of Binding
  1057 | D:2      | Found an iron altar of Okawaru.
  1114 | D:2      | Noticed Robin
  1122 | D:2      | Slain by a goblin

Illustrated notes

Levels and vault maps discovered:
D:1:      scummos_arrival_simple_fountains, layout_basic
D:2:      layout_loops_cross, basic_altar, dk_noncrumbling_2, uniq_robin,
          uniq_crazy_yiuf_cottage, uniq_sigmund, uniq_natasha

Skill      XL: |  1  2 |
---------------+-------+-----
Spellcasting   | 2 |  2.2
Fighting       | |  1.0
Ranged Weapons | |  2.4
Dodging        | |  2.0
Hexes          | |  3.4
Fire Magic     | |  1.0

Action                     || total
---------------------------++-------
  Melee: Quarterstaff      ||     9
         Constrict         ||     3
         Tentacles         ||     1
   Fire: Sling             ||    67
   Cast: Jinxbite          ||     1
    Use: Scroll            ||     3
 Armour: Skin              ||    23
  Dodge: Dodged            ||    27
